 Dungeon Crawl Stone Soup version 0.18-a0-1784-ga939a68 (webtiles) character file.

60 Zhenya25pyc the Covered (level 4, -1/29 HPs)
             Began as a Gargoyle Fighter on Apr 18, 2016.
             Slain by an iron imp (5 damage)
             ... summoned by Natasha
             ... on level 2 of the Dungeon.
             The game lasted 00:02:55 (1281 turns).

Zhenya25pyc the Covered (Gargoyle Fighter)          Turns: 1281, Time: 00:02:55

Health: -1/29      AC: 10    Str: 20    XL:     4   Next: 4%
Magic:  4/4        EV:  7    Int:  9    God:
Gold:   126        SH:  9    Dex:  9    Spells: 0 memorised, 3 levels left

rFire  . . .     SeeInvis .     a - +0 flail
rCold  . . .     Gourm    .     b - +0 scale mail
rNeg   + . .     Faith    .     c - +0 shield
rPois  ∞         Spirit   .     (no helmet)
rElec  +         Dismiss  .     (no cloak)
rCorr  .         Reflect  .     (no gloves)
SustAt .         Harm     .     (no boots)
MR     .....                    (no amulet)
Stlth  ..........               (no ring)
                                (no ring)

@: not resistant to hostile enchantments, extremely unstealthy
A: negative energy resistance 1, electricity resistance, unbreathing,
petrification resistance, rot immunity, AC +3
a: no special abilities


You were on level 2 of the Dungeon.
You were hungry.

You visited 1 branch of the dungeon, and saw 2 of its levels.

You collected 126 gold pieces.

Inventory:

Hand Weapons
 a - a +0 flail (weapon)
Armour
 b - a +0 scale mail (worn)
 c - a +0 shield (worn)
Wands
 o - a wand of lightning (7/15)
Scrolls
 e - 2 scrolls of amnesia {unknown}
 g - a scroll of recharging {unknown}
 k - 2 scrolls of magic mapping {unknown}
 l - a scroll of remove curse {unknown}
 m - 2 scrolls of identify {unknown}
 n - a scroll of blinking {unknown}
Potions
 d - a potion of might
 i - 2 potions of curing {unknown}
 j - 2 potions of heal wounds {unknown}
Comestibles
 f - 2 bread rations
 h - a slice of pizza


   Skills:
 + Level 3.7 Fighting
 * Level 3.2 Maces & Flails
 + Level 4.0 Armour
 - Level 3.2 Shields


You had 3 spell levels left.
You didn't know any spells.

Dungeon Overview and Level Annotations

Branches:
Dungeon (2/15)

Altars:

Annotations:
D:2 Natasha


Innate Abilities, Weirdness & Mutations

You are resistant to torment.
Your stone body is resilient (AC +3).
You are immune to poison.
You resist negative energy.
You are resistant to electric shocks.
You can survive without breathing.
You are immune to petrification.
You are immune to rotting.


Message History

You closely miss something.
You feel yourself speed up. Something claws you but does no damage.
Something completely misses you.
You hit something but do no damage. Something claws you but does no damage.
You closely miss something.
You hear some strange, mumbled words. x2
Something tries to affect you, but you resist.
You closely miss something. Something claws you but does no damage.
The iron imp shouts, "Leave, thou fulsome toenail-biting efter!"
You block the iron imp's attack.
You miss something. Something claws you but does no damage.
The iron imp hits you. Something claws you.
* * * LOW HITPOINT WARNING * * *
You closely miss something. Something claws you.
* * * LOW HITPOINT WARNING * * *
You block the iron imp's attack.
You miss something.
You hear some strange, mumbled words.
The iron imp hits you.
You die...

########### #..##
..........# ######.#.#
#########.# #....##.##
#. #
###.####.##.##.###...#
#
#...........†.......#
##
#.#†####.####..####.#
)######.#.# #.# #..#
.##.....#.####.####5.#
.##.#####.#....5@{5..#
.##.#####......####?.#
............#### #.§#
.##.######.. #..5.
.##.# #..# ##....
.#... #..# #.#.##
.##.## #..# ....#
.##.# #..# ....# ..#.#
#>.#


You could see an iron imp and 2 shadow imps.

Vanquished Creatures
  2 adders (D:2)
  2 worms (D:2)
  A dart slug (D:1)
  A giant gecko (D:1)
  A bat (D:1)
  3 giant cockroaches
  6 goblins
  3 hobgoblins
  6 kobolds (D:1)
  A quokka (D:2)
  A giant newt (D:1)
  3 rats
30 creatures vanquished.

Notes
Turn   | Place    | Note
--------------------------------------------------------------
     0 | D:1      | Zhenya25pyc the Gargoyle Fighter began the quest for the Orb.
     0 | D:1      | Reached XP level 1. HP: 14/14 MP: 1/1
   101 | D:1      | Reached XP level 2. HP: 15/19 MP: 2/2
   602 | D:1      | Reached XP level 3. HP: 23/23 MP: 3/3
  1232 | D:2      | Reached XP level 4. HP: 25/29 MP: 4/4
  1246 | D:2      | Reached skill level 4 in Armour
  1260 | D:2      | Noticed Natasha
  1281 | D:2      | Slain by an iron imp

Vault maps used:
D:1:      minmay_arrival_jagged, st_stairs_7
D:2:      minmay_cut_off, uniq_natasha

Skill      XL: |  1  2  3  4 |
---------------+-------------+-----
Maces & Flails | 3 |  3.2
Armour         | 4 |  4.0
Fighting       | |  3.7
Shields        | |  3.2

Action                   |  1- 3 |  4- 6 || total
-------------------------+-------+-------++-------
Melee: Flail             |   130 |    18 ||   148
 Stab: Distracted        |     1 |       ||     1
  Eat: Chunk             |     1 |       ||     1
Armor: Scale mail        |    56 |    13 ||    69
Dodge: Dodged            |    39 |     1 ||    40
Block: Shield            |    56 |     7 ||    63
